 Dungeon Crawl Stone Soup version 0.23.0-3-gf3c87f2 (webtiles) character file.

Game seed: 6840596287145907854

559 misha the Spear-Bearer (level 7, 45/56 HPs)
             Began as a Merfolk Berserker on Feb 24, 2019.
             Was a Believer of Trog.
             Starved to death
             ... on level 5 of the Dungeon.
             The game lasted 00:11:27 (4117 turns).

misha the Spear-Bearer (Merfolk Berserker)          Turns: 4117, Time: 00:11:28

Health: 45/56      AC:  6    Str: 19    XL:     7   Next: 31%
Magic:  7/7        EV: 12    Int:  6    God:    Trog [**....]
Gold:   189        SH:  3    Dex: 14    Spells: 6/6 levels left

rFire    . . .     SeeInvis .   a - +0 spear
rCold    . . .     Gourm    .   g - +0 buckler
rNeg     . . .     Faith    .   o - +0 ring mail
rPois    .         Spirit   .   (no helmet)
rElec    .         Reflect  .   r - +0 cloak
rCorr    .         Harm     .   (no gloves)
MR       .....                  (no boots)
Stlth    +.........             (no amulet)
HPRegen  0.18/turn              (no ring)
MPRegen  0.10/turn              (no ring)

@: fainting
A: change form in water, swift swim, stealthy swim
a: Berserk, Trog's Hand, Renounce Religion


You were on level 5 of the Dungeon.
You worshipped Trog.
Trog was pleased with you.
You were fainting.

You visited 1 branch of the dungeon, and saw 5 of its levels.

You collected 189 gold pieces.

Inventory:

Hand Weapons
 a - a +0 spear (weapon)
 q - a +2 quarterstaff of chaos
Missiles
 p - 16 bolts
Armour
 b - a +0 animal skin
 g - a +0 buckler (worn)
 o - a +0 ring mail (worn)
 r - a +0 cloak (worn)
Magical Staves
 w - an uncursed staff of air {unknown}
Scrolls
 e - 4 scrolls of identify
 k - 2 scrolls of teleportation
 l - 4 scrolls of remove curse {unknown}
 n - 2 scrolls of fear {unknown}
 t - a scroll of noise {unknown}
 v - a scroll of enchant weapon {unknown}
Potions
 c - a potion of agility
 d - a potion of curing {unknown}
 f - 2 potions of lignification {unknown}
 i - a potion of cancellation {unknown}
 j - 2 potions of haste {unknown}
 m - a potion of magic {unknown}
 s - a potion of flight {unknown}
 u - a potion of ambrosia {unknown}


   Skills:
 + Level 5.2 Fighting
 + Level 8.5 Polearms
 - Level 1.7 Armour
 + Level 4.6 Dodging
 - Level 2.5 Stealth
 - Level 0.6 Shields


You had 6 spell levels left.
You didn't know any spells.
Your spell library contained the following spells:

 Spells                   Type           Power        Failure   Level  Hunger
 Confusing Touch          Hex            #.....       80%         1    ##.....
 Confuse                  Hex            #.......     99%         3    ####...
 Gell's Gravitas          Tloc           #.........   99%         3    ####...
 Petrify                  Tmut/Erth      #.......     100%        4    #####..
 Metabolic Englaciation   Hex/Ice        #.........   100%        5    ######.
 Yara's Violent Unravell  Hex/Tmut       #.........   100%        5    ######.


Dungeon Overview and Level Annotations

Branches:
Dungeon (5/15)
 Temple: D:4-7

Altars:
Uskayaw


Message History

There is a stone staircase leading up here.
There is a stone staircase leading up here.
There is a stone staircase leading up here.
There is a stone staircase leading up here.
There is a stone staircase leading up here.
There is a stone staircase leading up here.
You climb upwards.
There is a stone staircase leading down here.
You need to eat something NOW!
You need to eat something NOW!
Search for what [Enter for "."]? .
There is a stone staircase leading down here.
You can't go up here!
You climb downwards.
There is a stone staircase leading up here.
There is an escape hatch in the floor here.
You lose consciousness!
You can move again.
You have starved to death.
You die...

## #.# ##
#.#######.
#.###@.......
#.#.#######.
#.###...#
#.......#
#####...#
##.#######
#.#.....#
#.#.....#
#.#.....#


There were no monsters in sight!

Vanquished Creatures
  Grinder (D:3)
  A sky beast (D:5)
  Crazy Yiuf (D:3)
  3 worker ants (D:4)
  4 gnolls (D:3)
  7 adders
  A white imp (D:5)
  A worm (D:2)
  A dart slug (D:3)
  An orc (D:3)
  2 ball pythons (D:2)
  3 giant cockroaches
  3 goblins
  3 hobgoblins
  9 jackals
  2 quokkas (D:3)
  4 bats
  7 frilled lizards
  6 kobolds
  3 rats (D:2)
63 creatures vanquished.

Notes
Turn   | Place    | Note
-------+----------+-------------------------------------------
     0 | D:1      | misha the Merfolk Berserker began the quest for the Orb.
     0 | D:1      | Reached XP level 1. HP: 18/18 MP: 1/1
   148 | D:1      | Reached XP level 2. HP: 22/24 MP: 2/2
   313 | D:1      | Reached skill level 5 in Polearms
   361 | D:1      | You fall through a shaft!
   671 | D:2      | Reached XP level 3. HP: 25/29 MP: 3/3
   676 | D:2      | Reached ** piety under Trog
   923 | D:2      | Reached skill level 1 in Stealth
  1198 | D:2      | Reached skill level 6 in Polearms
  1198 | D:2      | Reached XP level 4. HP: 6/37 MP: 4/4
  1668 | D:2      | Found a faded altar of an unknown god.
  1842 | D:3      | Noticed Grinder
  1851 | D:3      | Killed Grinder
  1851 | D:3      | Reached skill level 7 in Polearms
  1851 | D:3      | Reached XP level 5. HP: 43/43 MP: 5/5
  1851 | D:3      | Reached XP level 6. HP: 49/49 MP: 6/6
  2025 | D:3      | Found a runed translucent door.
  2026 | D:3      | Noticed Crazy Yiuf
  2935 | D:3      | Killed Crazy Yiuf
  2935 | D:3      | Reached skill level 8 in Polearms
  3102 | D:4      | Reached XP level 7. HP: 35/55 MP: 7/7
  3386 | D:4      | Reached skill level 5 in Fighting
  3521 | D:4      | Noticed a +0 hand axe
  3532 | D:4      | Noticed a +0 hand axe
  3533 | D:4      | Found a hide-covered altar of Uskayaw.
  3838 | D:5      | Entered Level 5 of the Dungeon
  4104 | D:5      | Paralysed by fainting for 12 turns
  4117 | D:5      | Starved to death

Skill      XL: |  1  2  3  4  5  6  7 |
---------------+----------------------+-----
Polearms       | 5 6 7 8 |  8.5
Stealth        | 1 2 |  2.5
Fighting       | 4 5 |  5.2
Dodging        | 3 4 |  4.6
Armour         | |  1.7
Shields        | |  0.6

Action                   |  1- 3 |  4- 6 |  7- 9 || total
-------------------------+-------+-------+-------++-------
Melee: Spear             |   155 |    93 |    71 ||   319
Invok: Berserk           |       |     3 |       ||     3
  Use: Scroll            |       |       |     3 ||     3
 Stab: Sleeping          |     1 |     1 |     1 ||     3
  Eat: Chunk             |       |     2 |     1 ||     3
       Ration            |       |     2 |       ||     2
Armor: Animal skin       |    17 |       |       ||    17
       Ring mail         |       |    12 |    14 ||    26
Dodge: Dodged            |    64 |    57 |    32 ||   153
Block: Buckler           |    10 |    11 |     9 ||    30
